 Dungeon Crawl Stone Soup version 0.19-a0-1803-g97ff39f (webtiles) character file.

6377 Naow the Severer (level 10, 0/82 HPs)
             Began as a Minotaur Berserker on Oct 5, 2016.
             Was a High Priest of Trog.
             Slain by a six-headed hydra (13 damage)
             ... on level 9 of the Dungeon.
             The game lasted 00:14:59 (7811 turns).

Naow the Severer (Minotaur Berserker)               Turns: 7811, Time: 00:14:59

Health: 0/82       AC:  8    Str: 21    XL:     10   Next: 65%
Magic:  9/9        EV: 11    Int:  7    God:    Trog [*****.]
Gold:   424        SH:  4    Dex: 11    Spells: 0 memorised, 9 levels left

rFire  . . .     SeeInvis .     a - +0 hand axe
rCold  + . .     Gourm    .     D - +1 scale mail {rC+}
rNeg   . . .     Faith    .     (no shield)
rPois  .         Spirit   .     (helmet restricted)
rElec  .         Dismiss  .     (no cloak)
rCorr  .         Reflect  +     (no gloves)
MR     .....     Harm     .     G - +0 pair of boots
Stlth  +......... Rnd*Tele +    w - +4 amulet of reflection
                                u - ring of teleportation (curse)
                                r - ring of stealth

@: exhausted, slowed, very slow
A: retaliatory headbutt, horns 2
a: Berserk, Trog's Hand, Brothers in Arms, Burn Spellbooks, Renounce Religion


You were on level 9 of the Dungeon.
You worshipped Trog.
Trog was extremely pleased with you.
You were very hungry.

You visited 1 branch of the dungeon, and saw 9 of its levels.

You collected 424 gold pieces.

Inventory:

Hand Weapons
 a - a +0 hand axe (weapon)
Armour
 b - a +0 animal skin
 y - the +2 scale mail "Jomeoqi" {Int+3}
   (You found it on level 4 of the Dungeon)

   It affects your intelligence (+3).
 D - a +1 scale mail of cold resistance (worn)
 G - a +0 pair of boots (worn)
Jewellery
 e - an uncursed amulet of the gourmand
 r - a ring of stealth (left hand)
 u - a cursed ring of teleportation (right hand)
 v - an uncursed amulet of dismissal
 w - a +4 amulet of reflection (around neck)
Wands
 E - a wand of flame (26/48)
Scrolls
 f - 10 scrolls of remove curse {unknown}
 g - 8 scrolls of identify {unknown}
 i - 3 scrolls of noise {unknown}
 k - 6 scrolls of teleportation {unknown}
 o - 3 scrolls of magic mapping {unknown}
 p - a scroll of fear {unknown}
 x - 2 scrolls of enchant armour {unknown}
 B - 2 scrolls of amnesia {unknown}
 F - 2 scrolls of enchant weapon {unknown}
 I - a scroll of silence {unknown}
Potions
 d - a potion of lignification {unknown}
 h - 7 potions of curing
 l - 3 potions of degeneration {unknown}
 n - a potion of cancellation {unknown}
 q - a potion of might {unknown}
 s - a potion of haste {unknown}
 z - a potion of flight {unknown}
 C - 2 potions of brilliance {unknown}
 J - a potion of ambrosia {unknown}
Comestibles
 c - 9 bread rations
 j - 2 beef jerkies
 m - a royal jelly
 t - a slice of pizza
 A - 2 meat rations
 H - 8 chunks of flesh


   Skills:
 + Level 5.6 Fighting
 - Level 17.5 Axes
 - Level 2.5 Armour
 - Level 3.0 Dodging
 - Level 0.1 Stealth


You had 9 spell levels left.
You didn't know any spells.

Dungeon Overview and Level Annotations

Branches:
Dungeon (9/15)             Temple (0/1) D:6
   Lair: D:8-11         Orc: D:9-12

Altars:
Elyvilon
Okawaru
Trog
Yredelemnul
Zin

Shops:
D:6 =*(


Innate Abilities, Weirdness & Mutations

You reflexively headbutt those who attack you in melee.
You have a pair of horns on your head.


Message History

You are exhausted.
You feel yourself slow down.
You are feeling hungry.
Your two-headed ogre goes berserk!
You are feeling very hungry.
The orc warrior hits you with a flail! The six-headed hydra bites you. x2
The six-headed hydra closely misses you.
The six-headed hydra bites you!
The six-headed hydra completely misses you.
The six-headed hydra bites you. You block the orc warrior's attack.
The six-headed hydra bites you.
* * * LOW HITPOINT WARNING * * *
The six-headed hydra bites you but does no damage.
You block the six-headed hydra's attack.
The six-headed hydra bites you.
* * * LOW HITPOINT WARNING * * *
The six-headed hydra bites you.
* * * LOW HITPOINT WARNING * * *
The six-headed hydra bites you!
You die...

......#..#..# ####.......##)....
....#.# #..# ...###......#.)###
....#.# #..# W...##.....#...##
..))#.# #..# ....#.....##...#
..))#.# #..# D..##.....#....
....#.# #..# #...#.....##...
#'#.#.# #..#. #...#......###.
#.#...# #..#####†)##.......##
#.###.# #...@oS†.((#.........
#.....# ...'..O.DW....#.........
#####.##################.########
.....<.....# #.# ##########.#
#.######## ........ #.........
######## ########.# .# #.# .# #.#


You could see a six-headed hydra, a phantom, an orc warrior, an adder and a
friendly two-headed ogre (berserk).

Vanquished Creatures
  Pikel (D:8)
  Psyche (D:8)
  2 hippogriffs
  2 hornets
  Sigmund (D:5)
  A vampire (D:9)
  Eustachio (D:6)
  Menkaure (D:6)
  Edmund (D:5)
  2 orc warriors (D:9)
  4 slaves (D:7)
  A black bear (D:7)
  An ice beast (D:6)
  2 sky beasts
  3 ogres
  2 eyes of draining (D:4)
  2 phantoms
  4 centaurs
  A crocodile (D:9)
  3 big kobolds
  2 bullfrogs (D:9)
  A gnoll sergeant (D:9)
  6 scorpions
  2 wights (D:9)
  11 killer bees
  2 howler monkeys
  A bullfrog zombie (D:6)
  5 crimson imps
  5 hounds
  A gnoll shaman (D:8)
  A jelly (D:8)
  4 orc priests
  6 iguanas
  4 orc wizards
  2 bullfrog skeletons
  A centaur skeleton (D:8)
  7 worker ants
  A killer bee zombie (D:8)
  8 gnolls
  8 adders
  A shadow imp (D:6)
  2 adder skeletons
  3 worms (D:3)
  5 dart slugs
  5 leopard geckos
  25 orcs
  4 giant cockroaches
  2 gnoll zombies (D:7)
  8 goblins
  8 hobgoblins
  12 jackals
  6 quokkas
  6 bats
  3 frilled lizards
  A jackal skeleton (D:6)
  A jackal zombie (D:5)
  17 kobolds
  A quokka skeleton (D:7)
  9 rats
233 creatures vanquished.

Notes
Turn   | Place    | Note
-------+----------+-------------------------------------------
     0 | D:1      | Naow the Minotaur Berserker began the quest for the Orb.
     0 | D:1      | Reached XP level 1. HP: 19/19 MP: 0/0
    91 | D:1      | Reached XP level 2. HP: 19/27 MP: 1/1
   101 | D:1      | Reached skill level 4 in Axes
   534 | D:1      | Reached ** piety under Trog
   534 | D:1      | Reached XP level 3. HP: 25/34 MP: 2/2
  1358 | D:2      | Reached XP level 4. HP: 29/41 MP: 3/3
  1663 | D:3      | Reached skill level 5 in Axes
  2142 | D:3      | Reached skill level 6 in Axes
  2142 | D:3      | Reached XP level 5. HP: 8/47 MP: 4/4
  2582 | D:3      | Reached *** piety under Trog
  3151 | D:4      | Got an encrusted scale mail
  3162 | D:4      | Identified the +2 scale mail "Jomeoqi" {Int+3} (You found it on level 4 of the Dungeon)
  3290 | D:4      | Reached skill level 7 in Axes
  3306 | D:4      | Found a glowing silver altar of Zin.
  3369 | D:4      | Found a bloodstained altar of Trog.
  3370 | D:4      | Noticed an eye of draining
  3374 | D:4      | Reached XP level 6. HP: 50/53 MP: 1/5
  3413 | D:4      | Reached skill level 8 in Axes
  3525 | D:4      | Reached XP level 7. HP: 56/60 MP: 6/6
  3645 | D:4      | Reached skill level 9 in Axes
  3684 | D:5      | Entered Level 5 of the Dungeon
  3736 | D:5      | Noticed Sigmund
  3754 | D:5      | Killed Sigmund
  3757 | D:5      | Reached skill level 10 in Axes
  3806 | D:5      | Noticed Edmund
  3828 | D:5      | Killed Edmund
  3828 | D:5      | Reached XP level 8. HP: 41/67 MP: 7/7
  4175 | D:5      | Reached skill level 11 in Axes
  4296 | D:5      | Received a gift from Trog
  4301 | D:5      | Found an iron altar of Okawaru.
  4435 | D:6      | Found Wanithoh's Antique Weapon Shop.
  4464 | D:6      | Reached skill level 12 in Axes
  4480 | D:6      | Found Xemeamubb's Jewellery Boutique.
  4483 | D:6      | Noticed Menkaure
  4496 | D:6      | Killed Menkaure
  4497 | D:6      | Found Jym Unuo's Assorted Antiques.
  4557 | D:6      | Noticed Eustachio
  4568 | D:6      | Killed Eustachio
  4597 | D:6      | Reached skill level 13 in Axes
  4699 | D:6      | Found a staircase to the Ecumenical Temple.
  4978 | D:7      | Reached XP level 9. HP: 69/72 MP: 8/8
  4994 | D:7      | Reached **** piety under Trog
  5349 | D:7      | Reached skill level 14 in Axes
  5499 | D:7      | Found a white marble altar of Elyvilon.
  5603 | D:7      | Found a basalt altar of Yredelemnul.
  5947 | D:8      | Noticed Pikel
  6128 | D:8      | Killed Pikel
  6128 | D:8      | Reached skill level 15 in Axes
  6218 | D:8      | Reached XP level 10. HP: 35/80 MP: 9/9
  6224 | D:8      | Reached skill level 16 in Axes
  6617 | D:8      | Noticed Psyche
  6634 | D:8      | Killed Psyche
  7018 | D:9      | Reached skill level 17 in Axes
  7373 | D:9      | Reached ***** piety under Trog
  7655 | D:9      | Received a gift from Trog
  7791 | D:9      | Noticed a five-headed hydra
  7794 | D:9      | Reached skill level 5 in Fighting
  7811 | D:9      | Slain by a six-headed hydra

Vault maps used:
D:1:      dpeg_arrival_subterranean_lakeside_camping, minmay_tetromino_s4
D:2:      first_bread
D:4:      nicolae_overflow_crystal_walls, trog_eyes_of_draining
D:5:      kennysheep_mini_moat, uniq_edmund, uniq_sigmund
D:6:      serial_shops, shop, nicolae_shop_overgrown_old_shop,
          nicolae_shop_stone, uniq_eustachio, uniq_menkaure
D:7:      lemuel_zombie_altar_yredelemnul, lemuel_crystal_altar
D:8:      uniq_pikel, uniq_psyche
D:9:      minmay_quarter_circles

Skill      XL: |  1  2  3  4  5  6  7  8  9 10 |
---------------+-------------------------------+-----
Fighting       | 4 5 |  5.6
Axes           | 4 6 7 8 10 13 15 17 | 17.5
Dodging        | 3 |  3.0
Armour         | |  2.5
Stealth        | |  0.1

Action                   |  1- 3 |  4- 6 |  7- 9 | 10-12 || total
-------------------------+-------+-------+-------+-------++-------
Melee: Hand axe          |   100 |   131 |   404 |   226 ||   861
       Headbutt          |    14 |    17 |    89 |    44 ||   164
Invok: Berserk           |       |     2 |     8 |     4 ||    14
       Trog's Hand       |       |       |     3 |     1 ||     4
       Brothers in Arms  |       |       |       |     1 ||     1
 Stab: Sleeping          |     1 |     1 |       |       ||     2
  Eat: Chunk             |     1 |     9 |    16 |    10 ||    36
       Beef jerky        |       |       |     1 |       ||     1
Armor: Animal skin       |    23 |     7 |       |       ||    30
       Scale mail        |       |     6 |   117 |    51 ||   174
Dodge: Dodged            |    67 |    74 |   157 |    98 ||   396
Block: Other             |       |     2 |    51 |    24 ||    77
       Reflection        |       |       |     2 |       ||     2
